 Dungeon Crawl Stone Soup version 0.20.0-8-g6b59dc7 (webtiles) character file.

357 Minion the Sneak (level 6, -3/41 HPs)
             Began as an Octopode Assassin on May 31, 2017.
             Slain by a killer bee (6 damage)
             ... on level 4 of the Dungeon.
             The game lasted 00:08:41 (4372 turns).

Minion the Sneak (Octopode Assassin)                Turns: 4372, Time: 00:08:42

Health: -3/41      AC:  1    Str: 15    XL:     6   Next: 64%
Magic:  6/6        EV: 15    Int: 14    God:
Gold:   86         SH:  0    Dex: 15    Spells: 5/5 levels left

rFire    . . .     SeeInvis .   a - +2 dagger
rCold    . . .     Gourm    .   (no shield)
rNeg     . . .     Faith    .   (helmet restricted)
rPois    .         Spirit   .   (no amulet)
rElec    .         Reflect  .   (no ring)
rCorr    .         Harm     .   (no ring)
MR       .....                  (no ring)
Stlth    +++++.....             (no ring)
Regen    0.2/turn               (no ring)
MPRegen  0.1/turn               (no ring)
                                (no ring)
                                (no ring)

@: mighty, lethally poisoned (-3 -> -20)
A: almost no armour, stealthy swim, amphibious, 8 rings, constrict 8, camouflage
1, gelatinous body 1
a: no special abilities


You were on level 4 of the Dungeon.
You were not hungry.

You visited 1 branch of the dungeon, and saw 4 of its levels.

You collected 86 gold pieces.

Inventory:

Hand Weapons
 a - a +2 dagger (weapon)
 b - a +0 blowgun
Missiles
 c - 26 poisoned needles
Magical Staves
 r - an uncursed staff of earth
Scrolls
 i - 3 scrolls of remove curse
 o - 3 scrolls of teleportation
Potions
 j - a potion of ambrosia
Books
 g - a book of Conjurations

   Spells                             Type                      Level
   a - Magic Dart                     Conjuration                  1
   b - Searing Ray                    Conjuration                  2
   c - Dazzling Spray                 Conjuration/Hexes            3
   d - Fulminant Prism                Conjuration/Hexes            4
   e - Force Lance                    Conjuration/Translocation    4
   f - Iskenderun's Mystic Blast      Conjuration                  4
Comestibles
 f - 3 bread rations
 h - a royal jelly
 p - 2 chunks of flesh


   Skills:
 + Level 2.6 Fighting
 + Level 4.1 Short Blades
 + Level 2.1 Throwing
 + Level 3.6 Dodging
 + Level 7.3 Stealth


You had 5 spell levels left.
You didn't know any spells.

Dungeon Overview and Level Annotations

Branches:
Dungeon (4/15)
 Temple: D:4-7

Altars:
Okawaru


Innate Abilities, Weirdness & Mutations

You cannot wear most types of armour.
You are very stealthy in the water. (Stealth+)
You are amphibious.
You can wear up to eight rings at the same time.
You can use your tentacles to constrict eight enemies at once.
Your skin changes colour to match your surroundings (Stealth+).
Your rubbery body absorbs attacks. (AC +1, EV +1)


Message History

The killer bee barely misses you. The killer bee closely misses you. x2
Tossing away (i - inventory):
d - a curare-tipped needle (quivered)
Press: ? - help, Shift-Dir - straight line, f/p - killer bee
Aim: a killer bee You toss away a curare-tipped needle.
The curare-tipped needle hits the killer bee.
The killer bee stings you! The killer bee stings you.
* * * LOW HITPOINT WARNING * * *
You are poisoned.
The killer bee poisons you! The killer bee barely misses you.
It was a potion of magic.
Magic courses through your body.
You feel sick. The killer bee stings you.
* * * LOW HITPOINT WARNING * * *
You are more poisoned.
The killer bee poisons you! The killer bee closely misses you.
It was a potion of might.
You feel very mighty all of a sudden.
* * * LOW HITPOINT WARNING * * *
You feel sick. The killer bee misses you. The killer bee stings you.
You die...

#.# #.# #.#
#.# .y.....
#.# .......
#.# .......
#.# .......
#.# ...(...
#@# .......
#y#####......(
#y............
#.#.####......
#(..# .....
##### .... ...
.. #


You could see 2 killer bees.

Vanquished Creatures
  A bullfrog (D:2)
  A killer bee (D:4)
  The ghost of JarielCorvus the Magician, a weakling DECj (D:3)
  Terence (D:3)
  Robin (D:2)
  4 gnolls
  3 adders
  2 oozes (D:1)
  2 worms (D:3)
  A dart slug (D:1)
  2 leopard geckos
  An orc (D:3)
  A ball python (D:1)
  15 bats
  2 giant cockroaches
  13 goblins
  10 hobgoblins
  10 jackals
  9 kobolds
  2 quokkas (D:2)
  5 frilled lizards (D:2)
  8 rats
95 creatures vanquished.

Notes
Turn   | Place    | Note
-------+----------+-------------------------------------------
     0 | D:1      | Minion the Octopode Assassin began the quest for the Orb.
     0 | D:1      | Reached XP level 1. HP: 14/14 MP: 1/1
    80 | D:1      | Reached XP level 2. HP: 9/19 MP: 2/2
   813 | D:1      | Reached XP level 3. HP: 24/24 MP: 3/3
  1057 | D:2      | Reached skill level 6 in Stealth
  1852 | D:2      | Reached XP level 4. HP: 24/29 MP: 4/4
  1859 | D:2      | Found an iron altar of Okawaru.
  2163 | D:2      | Noticed a bullfrog
  2170 | D:2      | Killed a bullfrog
  2170 | D:2      | Reached XP level 5. HP: 8/34 MP: 5/5
  2599 | D:2      | Noticed Robin
  2728 | D:2      | Killed Robin
  2993 | D:3      | Noticed JarielCorvus's ghost (weakling DECj)
  3149 | D:3      | Killed JarielCorvus's ghost
  3149 | D:3      | Reached skill level 7 in Stealth
  3149 | D:3      | Reached XP level 6. HP: 29/41 MP: 6/6
  3421 | D:3      | Noticed Terence
  3563 | D:3      | Killed Terence
  4372 | D:4      | Slain by a killer bee

Skill      XL: |  1  2  3  4  5  6 |
---------------+-------------------+-----
Stealth        | 6 7 |  7.3
Dodging        | 2 3 |  3.6
Short Blades   | 3 4 |  4.1
Fighting       | |  2.6
Throwing       | |  2.1

Action                   |  1- 3 |  4- 6 || total
-------------------------+-------+-------++-------
Melee: Dagger            |    78 |   148 ||   226
       Tentacles         |     7 |    18 ||    25
       Constrict         |    12 |    35 ||    47
  Use: Scroll            |     4 |     3 ||     7
       Potion            |       |     3 ||     3
 Stab: Sleeping          |    14 |    14 ||    28
       Distracted        |       |     1 ||     1
  Eat: Chunk             |     3 |     8 ||    11
Armor: Skin              |     7 |     8 ||    15
Dodge: Dodged            |    36 |    87 ||   123
